 Dungeon Crawl Stone Soup version 0.28-a0-461-g2dc4ca5097 (webtiles) character file.

Game seed: 2963878951307465296

98 Zenkrye the Chiller (level 4, 0/33 HPs)
             Began as a Demigod Ice Elementalist on Sept 13, 2021.
             Slain by an orc priest (6 damage)
             ... on level 3 of the Dungeon.
             The game lasted 00:08:57 (3331 turns).

Zenkrye the Chiller (Demigod Ice Elementalist)      Turns: 3331, Time: 00:08:58

Health: 0/33       AC:  3    Str:  9    XL:     4   Next: 21%
Magic:  14/20      EV: 12    Int: 21    God:
Gold:   122        SH:  0    Dex: 14    Spells: 2/9 levels left

rFire   + . .      SeeInvis .   j - +2 dagger (holy)
rCold   . . .      Faith    .   (no shield)
rNeg    . . .      Spirit   .   a - +0 robe
rPois   .          Reflect  .   (no helmet)
rElec   .          Harm     .   m - +0 cloak
rCorr   .          Rampage  .   (no gloves)
Will    .....                   (no boots)
Stlth   ++........              (no amulet)
HPRegen 0.11/turn               f - ring of protection from fire
MPRegen 0.17/turn               x - ring of magical power

@: freezing walls
A: high mp 1, forlorn
a: no special abilities


You were on level 3 of the Dungeon.
You visited 1 branch of the dungeon, and saw 3 of its levels.

You collected 122 gold pieces.

Inventory:

Hand Weapons
 h - a +0 dagger
 i - a +0 hand axe
 j - a +2 dagger of holy wrath (weapon)
Missiles
 b - a throwing net {!f}
 k - 70 stones
 n - 32 poisoned darts (quivered)
 r - 69 arrows
 u - 22 bolts
Armour
 a - a +0 robe (worn)
 c - a +0 leather armour
 l - a +0 ring mail
 m - a +0 cloak (worn)
Jewellery
 f - a ring of protection from fire (left hand)
 x - a ring of magical power (right hand)
Scrolls
 d - a scroll of fog
 g - 2 scrolls of enchant weapon {unknown}
 p - a scroll of identify {unknown}
 s - a scroll of teleportation {unknown}
Potions
 e - a potion of resistance {unknown}
 o - a potion of mutation {unknown}
 q - a potion of invisibility {unknown}
 t - a potion of haste {unknown}


   Skills:
 - Level 1.7 Dodging
 - Level 1.7 Stealth
 - Level 3.0 Spellcasting
 + Level 4.7 Ice Magic


You had 2 spell levels left.
You knew the following spells:

 Your Spells              Type           Power      Damage    Failure   Level
a - Freeze                Ice            88%        1d10      1%          1
b - Frozen Ramparts       Ice            44%        1d6       6%          3
o - Ozocubu's Armour      Ice            22%        N/A       6%          3

Your spell library contained the following spells:

 Spells                   Type           Power      Damage    Failure   Level
 Hailstorm                Conj/Ice       13%        3d5       45%         4


Dungeon Overview and Level Annotations

Branches:
Dungeon (3/15)

Shops:
D:3 *


Innate Abilities, Weirdness & Mutations

Your attributes grow dramatically as you level up.
You have an increased reservoir of magic. (+10% MP)
You shall have no god before yourself.


Message History

Throw: 34 darts (poison)
Press: ? - help, Q - select action, (/) - cycle Shift-Dir - straight line, f/p - orc
Aim: an orc, wielding a +0 trident (severely wounded, poisoned, 57% to hit)
You throw a poisoned dart. The poisoned dart hits the orc.
The orc looks even sicker.
The orc is severely wounded.
The orc priest calls upon Beogh to heal the orc.
The orc's wounds heal themselves!
The wall freezes the orc.
The orc hits you from afar with a +0 trident.
* * * LOW HITPOINT WARNING * * *
Okay, then.
As you read the scroll of fog, it crumbles to dust.
The scroll dissolves into smoke.
The wall freezes the orc.
You kill the orc!
Your frozen ramparts will break if you move.
Continue?
The frozen ramparts melt away as you move.
Your magical contamination has completely faded away.
Casting: Frozen Ramparts (dangerous; 6% risk of failure)
Confirm with . or Enter, or press ? or * to list all spells.
Casting: Frozen Ramparts (dangerous; 6% risk of failure)
Press: ? - help, Dir - look around, f - activate The walls around you are covered in ice.
The wall freezes the orc!
You kill the orc!
Throw: 33 darts (poison)
Press: ? - help, Q - select action, (/) - cycle Shift-Dir - straight line, f - orc priest
Aim: an orc priest, wielding a +2 hand axe of flaming and wearing a +0 leather armour (57% to hit)
You throw a poisoned dart.
The poisoned dart barely misses the orc priest.
The wall freezes the orc priest.
You hit the orc priest but do no damage.
The orc priest is moderately wounded.
The wall freezes the orc priest!
The orc priest hits you with a +2 hand axe of flaming.
* * * LOW HITPOINT WARNING * * *
You closely miss the orc priest.
The orc priest is severely wounded.
The wall freezes the orc.
The wall freezes the orc priest.
The orc priest hits you with a +2 hand axe of flaming.
You die...

.....# #.##§o§
#...#####..#...# ...###
#§§##§# ###># #..##?## ....##
#§§§§§# #.# #..#### .....#
#.#o### #.# #..# ....## #.#§#
#.# #..# ....# #.#§#######.##
#..# #...#
#.#.o.(o##...####..#
#.#.######)#####o##.........#
............# #@##...#####.#
###.######.## #.###.######.#
# #.# ### #............#
#.################.########
#..................#
####################


You could see an orc priest and an orc.

Vanquished Creatures
  An adder (D:3)
  3 worms
  5 dart slugs
  4 orcs (D:3)
  5 ball pythons
  8 endoplasms
  2 giant cockroaches (D:2)
  6 hobgoblins
  9 kobolds
  5 quokkas
  2 bats (D:3)
  4 frilled lizards
  4 goblins
  5 rats (D:2)
63 creatures vanquished.

Notes
Turn   | Place    | Note
-------+----------+-------------------------------------------
     0 | D:1      | Zenkrye the Demigod Ice Elementalist began the quest for
                  | the Orb.
     0 | D:1      | Reached XP level 1. HP: 14/14 MP: 5/5
   578 | D:1      | Reached XP level 2. HP: 20/20 MP: 4/7
   838 | D:1      | Reached skill level 4 in Ice Magic
   902 | D:1      | Noticed a floating eye
   907 | D:1      | Noticed an eye of devastation
   911 | D:1      | Noticed an eye of devastation
   911 | D:1      | Noticed an eye of devastation
  1483 | D:1      | Reached XP level 3. HP: 26/26 MP: 7/9
  1490 | D:1      | Learned a level 3 spell: Frozen Ramparts
  1494 | D:1      | Learned a level 3 spell: Ozocubu's Armour
  3002 | D:3      | Reached XP level 4. HP: 31/33 MP: 11/11
  3038 | D:3      | Found Zin's Purification Station.
  3331 | D:3      | Slain by an orc priest

Illustrated notes

Levels and vault maps discovered:
D:1:      elethiomel_arrival_infinity_welcomes_careful_drivers, layout_basic,
          hellmonk_ecumenical_altar_watching_god
D:2:      layout_rooms
D:3:      layout_loops_ring, zin_purify, lemuel_doored_altar,
          kennysheep_orc_chapel

Skill      XL: |  1  2  3 |
---------------+----------+-----
Spellcasting   | 2 3 |  3.0
Ice Magic      | 4 |  4.7
Dodging        | |  1.7
Stealth        | |  1.7

Action                   |  1- 3 |  4- 6 || total
-------------------------+-------+-------++-------
Melee: Dagger            |    56 |    15 ||    71
Throw: Stone             |     1 |       ||     1
       Dart              |    30 |     4 ||    34
 Cast: Freeze            |    40 |       ||    40
       Frozen Ramparts   |    15 |     4 ||    19
       Ozocubu's Armour  |     1 |       ||     1
  Use: Scroll            |     5 |     1 ||     6
 Stab: Sleeping          |     4 |       ||     4
Armor: Robe              |    10 |     2 ||    12
Dodge: Dodged            |    50 |     7 ||    57

Table legend: (Time is in decaauts)
 A = Elapsed time spent in this place.
 B = Non-inter-level travel time spent in this place.
 C = Inter-level travel time spent in this place.
 D = Time resting spent in this place.
 E = Time spent auto-exploring this place.
 F = Levels seen in this place.
 G = Mean time per level.
                   A        B        C        D        E       F      G
               +--------+--------+--------+--------+--------+-----+--------+
         Total |   3328 |   3273 |     55 |     86 |   2657 |   3 | 1109.3 |
       Dungeon |   3328 |   3273 |     55 |     86 |   2657 |   3 | 1109.3 |
               +--------+--------+--------+--------+--------+-----+--------+

Top non-repeatable levels by time:
     D:1: 1529 daAuts
     D:3: 1042 daAuts
     D:2: 756 daAuts
